[Event "Monday 29 January Rapid Engine Tour 12+1 Rounds 9 Starts 1600 ST"]
[Site "Infinity Chess"]
[Date "2018.1.29"]
[Round "9"]
[White "angriff"]
[Black "KULLANI"]
[Result "1/2-1/2"]
[ECO "D30"]
[WhiteElo "2422"]
[BlackElo "2423"]
[WhiteEngine "Stockfish SL FA POPCNT_CTG"]
[BlackEngine "BrainFish_180124_x64_CTG"]
[EventType "Swiss"]
[WhiteTeam ""]
[BlackTeam ""]
[PlyCount "77"]
[TimeControl "720+1"]

1. d4 d5 2. c4 e6 3. Nf3 Nf6 4. Nc3 c6 5. e3 Nbd7 6. Qc2 Bd6 7. Bd3 dxc4 
8. Bxc4 O-O 9. O-O b5 10. Be2 Bb7 11. a3 a5 12. Bd2 Qb8 13. Ne4 Nxe4 14. Qxe4 c5 
15. Qh4 Rd8 16. Rfd1 Rc8 17. Rac1 h6 18. dxc5 Nxc5 19. Be1 Bf8 20. b4 axb4 
21. axb4 Ra2 22. bxc5 Rxe2 23. Qh5 g6 24. Qh4 Bd5 25. Bc3 Rxc5 26. Be5 Rxc1 
27. Rxc1 Bd6 28. Ba1 e5 29. Qxh6 Qf8 30. Qh4 f6 31. Qg4 Ra2 32. Qxg6+ Qg7 
33. Qe8+ Bf8 34. Qxb5 Bxf3 35. Qc4+ Kh7 36. Qh4+ Kg8 37. Qc4+ Kh7 38. Qh4+ Kg8 
39. Qc4+ 1/2-1/2

[Event "Monday 29 January Rapid Engine Tour 12+1 Rounds 9 Starts 1600 ST"]
[Site "Infinity Chess"]
[Date "2018.1.29"]
[Round "9"]
[White "CrapCleaner"]
[Black "RonWeasley"]
[Result "1/2-1/2 "]
[ECO "C11"]
[WhiteElo "2420"]
[BlackElo "2454"]
[WhiteEngine "Raubfisch ME262_GTZ16b4_CTG"]
[BlackEngine "BrainFish 060118_CTG"]
[EventType "Swiss"]
[WhiteTeam ""]
[BlackTeam ""]
[PlyCount "95"]
[TimeControl "720+1"]

1. e4 e6 2. d4 d5 3. Nc3 Nf6 4. e5 Nfd7 5. f4 c5 6. Nf3 Nc6 7. Be3 cxd4 
8. Nxd4 Qb6 9. Qd2 Qxb2 10. Rb1 Qa3 11. Bb5 Nxd4 12. Bxd4 a6 13. Bxd7+ Bxd7 
14. Rb3 Qe7 15. Rxb7 Rc8 16. O-O Qd8 17. f5 exf5 18. Qd3 Bc5 19. Bxc5 Rxc5 
20. Nxd5 Bc8 21. Re7+ Kf8 22. Qa3 Qa5 23. Qxa5 Rxa5 24. Rc7 Be6 25. Nf4 Rxe5 
26. Nxe6+ Rxe6 27. Rxf5 Re7 28. Rc8+ Re8 29. Rfc5 Ke7 30. R8c6 g6 31. a4 Ra8 
32. Rc7+ Kf6 33. Rc4 Rhf8 34. Rf4+ Ke6 35. c4 h5 36. h3 Rad8 37. Re4+ Kf5 
38. Re2 Kg5 39. Rc5+ Kh6 40. Rc2 Rd1+ 41. Kf2 Rfd8 42. Rc7 Kg7 43. c5 R1d2+ 
44. Rxd2 Rxd2+ 45. Kf3 Rd4 46. a5 Ra4 47. Ke3 Rxa5 48. c6 1/2-1/2

[Event "Monday 29 January Rapid Engine Tour 12+1 Rounds 9 Starts 1600 ST"]
[Site "Infinity Chess"]
[Date "2018.1.29"]
[Round "9"]
[White "Ninja_Bp"]
[Black "MarioDeMonti"]
[Result "1-0"]
[ECO "A06"]
[WhiteElo "2461"]
[BlackElo "2479"]
[WhiteEngine "Houdini 6_CTG"]
[BlackEngine "stockfish_x64_bmi2_2018_01_13_CTG"]
[EventType "Swiss"]
[WhiteTeam ""]
[BlackTeam ""]
[PlyCount "207"]
[TimeControl "720+1"]

1. Nf3 d5 2. d4 Nf6 3. e3 c6 4. Bd3 Bg4 5. Nbd2 e6 6. c4 Nbd7 7. O-O Bf5 
8. Qc2 Bxd3 9. Qxd3 Be7 10. Rd1 O-O 11. b3 a5 12. Rb1 a4 13. b4 Qc7 14. a3 Rfb8 
15. Qc2 Rc8 16. e4 Qd8 17. e5 Ne8 18. c5 Nc7 19. Nf1 Kh8 20. Rd3 Qg8 
21. Bg5 Bxg5 22. Nxg5 Nb5 23. Qd2 h6 24. Re1 Nf8 25. Nh3 Nh7 26. Nf4 Qd8 
27. Ree3 Qe7 28. Rg3 Rg8 29. Ne3 Ng5 30. Qd1 Rac8 31. h4 Nh7 32. Rh3 Ra8 
33. Qh5 Qf8 34. Rg3 g6 35. Qd1 h5 36. Nc2 Na7 37. Rh3 Qh6 38. g3 Nb5 39. Kg2 Qf8 
40. Rh1 Nc7 41. Rf3 Qg7 42. Ne1 Qf8 43. Ned3 Qe7 44. Ne2 Nb5 45. Ndf4 Rg7 
46. Qa1 Nf8 47. Rd3 Nd7 48. Nh3 b6 49. Ng5 Kg8 50. Nf4 bxc5 51. bxc5 Nf8 
52. Nfh3 Qa7 53. Rb1 Rb8 54. Rb4 Ra8 55. Qc1 Qa5 56. Nf4 Ra7 57. Rf3 Nh7 
58. Nxh7 Rxh7 59. Nh3 Qd8 60. Ng5 Rg7 61. Qf4 Qe7 62. g4 Kf8 63. gxh5 gxh5 
64. Rg3 Ke8 65. Qf3 Qf8 66. Qxh5 Ke7 67. Qg4 Qh8 68. f4 Qh6 69. f5 exf5 
70. Qxf5 Qg6 71. Qf4 Kd7 72. Kh3 Kc8 73. Rf3 Rd7 74. Rxa4 Qb1 75. Qf6 Qh1+ 
76. Kg4 Qg2+ 77. Rg3 Qe4+ 78. Kh5 Qg6+ 79. Qxg6 fxg6+ 80. Kh6 Kb7 81. e6 Rc7 
82. Rb4 Ka6 83. Rf3 Rge7 84. Ra4+ Kb7 85. Rf8 Rc8 86. Rf7 Rec7 87. Kxg6 Kb8 
88. Rb4 Ka8 89. Kf6 Ra7 90. Rxa7+ Kxa7 91. e7 Ka6 92. Nf7 Nxa3 93. Nd8 Ka5 
94. Rb2 Nc4 95. Rb7 Ka4 96. e8=Q Rc7 97. Rxc7 Kb3 98. Nxc6 Kc2 99. Qe2+ Kc3 
100. Rg7 Nd2 101. Qe3+ Kb2 102. Qxd2+ Kb3 103. Rg3+ Kc4 104. Qb4# 1-0

[Event "Monday 29 January Rapid Engine Tour 12+1 Rounds 9 Starts 1600 ST"]
[Site "Infinity Chess"]
[Date "2018.1.29"]
[Round "9"]
[White "Vimtiroba"]
[Black "SkyPilot"]
[Result "1/2-1/2"]
[ECO "C50"]
[WhiteElo "2485"]
[BlackElo "2480"]
[WhiteEngine "SF@Infinity_CTG"]
[BlackEngine "stockfish_x64_bmi2_2018_01_13_CTG"]
[EventType "Swiss"]
[WhiteTeam ""]
[BlackTeam ""]
[PlyCount "139"]
[TimeControl "720+1"]

1. e4 e5 2. Nf3 Nc6 3. Bc4 Bc5 4. d3 Nf6 5. O-O d6 6. c3 O-O 7. Re1 Bb6 8. h3 a5 
9. Nbd2 h6 10. Bb5 Be6 11. Nf1 Ne7 12. Ng3 Ng6 13. d4 exd4 14. cxd4 d5 
15. e5 Ne4 16. Bd3 Nxg3 17. fxg3 c5 18. Be3 cxd4 19. Bf2 Rc8 20. Kh2 Ne7 
21. g4 Re8 22. Re2 Nc6 23. a3 Bc5 24. Bg3 Bd7 25. Rc1 Bf8 26. Qd2 f6 
27. Kh1 fxe5 28. Nxe5 Nxe5 29. Rxc8 Bxc8 30. Bxe5 Bd7 31. Qf4 Qg5 32. Qxg5 hxg5 
33. Bxd4 Bd6 34. Rxe8+ Bxe8 35. Kg1 a4 36. Kf2 b5 37. Ke3 Kf7 38. Kf3 b4 
39. axb4 Bxb4 40. Bb1 Be7 41. Ba2 Bc6 42. Bb1 Bb4 43. Bd3 Bd6 44. Ke3 Bb4 
45. Ke2 a3 46. bxa3 Bxa3 47. Kd2 Bb4+ 48. Kc2 Ba4+ 49. Kb2 Bd6 50. Kc3 Bc6 
51. Bf5 Be7 52. Bc2 Be8 53. Be5 Bc5 54. g3 g6 55. Bd4 Bd6 56. h4 gxh4 
57. gxh4 Bg3 58. Bb3 Ke6 59. h5 gxh5 60. gxh5 Bf4 61. h6 Bxh6 62. Bc2 Bf4 
63. Bd3 Bc6 64. Be2 Ba4 65. Bg4+ Kd6 66. Bf3 Bc6 67. Kd3 Ba4 68. Kc3 Bd1 
69. Bxd1 Be5 70. Kb4 1/2-1/2

[Event "Monday 29 January Rapid Engine Tour 12+1 Rounds 9 Starts 1600 ST"]
[Site "Infinity Chess"]
[Date "2018.1.29"]
[Round "9"]
[White "Marsell"]
[Black "MCDermont"]
[Result "1/2-1/2"]
[ECO "C11"]
[WhiteElo "2470"]
[BlackElo "2502"]
[WhiteEngine "asmFishW_2018-01-11_popcnt"]
[BlackEngine "BrainFish 060118_CTG"]
[EventType "Swiss"]
[WhiteTeam ""]
[BlackTeam ""]
[PlyCount "131"]
[TimeControl "720+1"]

1. e4 e6 2. d4 d5 3. Nc3 Nf6 4. e5 Nfd7 5. f4 c5 6. Nf3 Nc6 7. Be3 cxd4 
8. Nxd4 Qb6 9. Qd2 Qxb2 10. Rb1 Qa3 11. Bb5 Nxd4 12. Bxd4 a6 13. Bxd7+ Bxd7 
14. Rb3 Qe7 15. Rxb7 Rc8 16. O-O Qd8 17. f5 exf5 18. Qd3 Bc5 19. Bxc5 Rxc5 
20. Nxd5 Bc8 21. Re7+ Kf8 22. Qa3 Qa5 23. Qxa5 Rxa5 24. Rc7 Be6 25. Nf4 Rxe5 
26. Nxe6+ Rxe6 27. Rxf5 Re7 28. Rc8+ Re8 29. Rc7 Re7 30. Rc8+ Re8 31. Rfc5 Ke7 
32. R8c6 g6 33. Kf2 Ra8 34. Rc7+ Kf6 35. Rc3 Kg7 36. g4 g5 37. Rf3 Raf8 
38. a3 h5 39. h3 hxg4 40. hxg4 Rh2+ 41. Kg3 Rh4 42. Rf5 Kg6 43. c3 f6 44. Rc6 a5 
45. a4 Rh1 46. Kg2 Rh4 47. Kg3 Rh1 48. Kf2 Rh2+ 49. Kf3 Rh4 50. c4 Rh1 
51. Rxa5 Re8 52. Kg2 Rh4 53. Kf3 Re1 54. Rf5 Rf1+ 55. Ke3 Rxf5 56. gxf5+ Kxf5 
57. Rc8 Ke5 58. Re8+ Kd6 59. Kd3 g4 60. a5 g3 61. Re1 Kc5 62. Rg1 Rg4 63. a6 Kb6 
64. Ke3 Kxa6 65. Kf3 Rxc4 66. Ra1+ 1/2-1/2

[Event "Monday 29 January Rapid Engine Tour 12+1 Rounds 9 Starts 1600 ST"]
[Site "Infinity Chess"]
[Date "2018.1.29"]
[Round "8"]
[White "Thinker"]
[Black "hafaba"]
[Result "1/2-1/2"]
[ECO "B00"]
[WhiteElo "2388"]
[BlackElo "2459"]
[WhiteEngine "BrainFish_180128_x64_modern_CTG"]
[BlackEngine "SF SL FA 26012018 POPCNT_CTG"]
[EventType "Swiss"]
[WhiteTeam ""]
[BlackTeam ""]
[PlyCount "197"]
[TimeControl "720+1"]

1. e4 Nc6 2. d4 d5 3. e5 Bf5 4. c3 e6 5. Nd2 f6 6. f4 g5 7. Qh5+ Bg6 8. Qh3 Qd7 
9. Ngf3 gxf4 10. Nb3 Bf5 11. Qh5+ Bg6 12. Qh3 Bf5 13. Qh5+ Bg6 14. Qh4 Be7 
15. Qf2 a6 16. Bxf4 O-O-O 17. Be2 fxe5 18. Bxe5 Nxe5 19. Nxe5 Qe8 20. O-O Nf6 
21. Nc5 Ne4 22. Nxe4 dxe4 23. Bg4 Bd6 24. Nc4 Kb8 25. Nxd6 Rxd6 26. Qf6 Rg8 
27. Qe5 Qc6 28. Rf6 Qb6 29. b3 Rgd8 30. Raf1 Qc6 31. c4 Rxd4 32. Rxe6 R4d6 
33. Rff6 Rxe6 34. Rxe6 Rd6 35. Rxd6 cxd6 36. Qh8+ Kc7 37. Qd4 Qe8 38. h4 e3 
39. Kf1 Qe4 40. Qxe4 Bxe4 41. Bf3 Bd3+ 42. Ke1 b6 43. Be2 Bb1 44. Bd1 Bd3 
45. Be2 Bb1 46. a3 h6 47. Bf1 Ba2 48. Ke2 Bxb3 49. Kxe3 Kd7 50. Kd4 Bd1 
51. Ke4 Ke7 52. Bd3 Bg4 53. Kf4 Be6 54. Ke4 Kf6 55. Kd4 a5 56. g3 h5 57. Be4 Ke7 
58. Bg6 Bg4 59. Be4 Ke6 60. Bb1 Bf5 61. Ba2 Kd7 62. Bb3 Bg4 63. Bc2 Be2 
64. Bf5+ Ke7 65. Bg6 Ke6 66. Bb1 Ke7 67. Bg6 Ke6 68. Be4 Ke7 69. Kd5 Kd7 
70. Bg2 Bg4 71. Bh1 Be6+ 72. Kd4 Bf7 73. Ba8 Ke7 74. Bd5 Be8 75. Bf3 Bf7 
76. Bc6 Be6 77. Bf3 Bf7 78. Bd1 Kf6 79. Bc2 Ke7 80. Bf5 Kf6 81. Bc2 Ke7 
82. Bd1 Kf6 83. Be2 Kg6 84. Bd3+ Kg7 85. Bf1 Kg6 86. Bd3+ Kg7 87. Bf1 Be6 
88. Bg2 Kg6 89. Bd5 Bc8 90. Bc6 Be6 91. Be8+ Kh6 92. Ba4 Kg6 93. Bc2+ Kg7 
94. Be4 Kf6 95. Bc2 Bf7 96. Bh7 Be6 97. Bc2 Kg7 98. Kc3 Kf6 99. Kd4 1/2-1/2

[Event "Monday 29 January Rapid Engine Tour 12+1 Rounds 9 Starts 1600 ST"]
[Site "Infinity Chess"]
[Date "2018.1.29"]
[Round "8"]
[White "Satria_Ungu"]
[Black "BraveDevil"]
[Result "1/2-1/2 "]
[ECO "A05"]
[WhiteElo "2365"]
[BlackElo "2429"]
[WhiteEngine "Houdini 6_CTG"]
[BlackEngine "Cryptic AIL V2"]
[EventType "Swiss"]
[WhiteTeam ""]
[BlackTeam ""]
[PlyCount "273"]
[TimeControl "720+1"]

1. Nf3 Nf6 2. d4 e6 3. c4 b6 4. g3 Bb7 5. Nc3 Bb4 6. Bd2 O-O 7. Bg2 d6 
8. O-O Nbd7 9. Rc1 Re8 10. a3 Bxc3 11. Bxc3 Ne4 12. d5 Nxc3 13. Rxc3 a5 
14. Nh4 e5 15. b3 g6 16. e4 Nc5 17. Bf3 Qf6 18. Re1 Kg7 19. Qc1 Qe7 20. Bd1 Bc8 
21. Qd2 Bh3 22. Nf3 h6 23. Kh1 Bc8 24. Kg2 Nd7 25. h3 Nf6 26. Nh2 Rb8 
27. Nf1 Qd7 28. h4 c5 29. dxc6 Qxc6 30. f3 Rd8 31. a4 Nd7 32. Ne3 Nc5 
33. Nd5 Be6 34. f4 Rf8 35. Rce3 f6 36. h5 g5 37. f5 Bd7 38. R3e2 Qb7 39. Qe3 Bc6 
40. Nc3 Rfd8 41. g4 Qf7 42. Bc2 Rbc8 43. Kg1 Bb7 44. Rd1 Bc6 45. Red2 Qe7 
46. Nb5 Rd7 47. Kg2 Re8 48. Kf1 Red8 49. Nc3 Ra8 50. Rb1 Qd8 51. Nb5 Qf8 
52. Kg1 Kh7 53. Nc3 Rb8 54. Bd3 Qc8 55. Be2 Qb7 56. Nd5 Kg7 57. Kg2 Rc8 
58. Rc2 Rf7 59. Kh2 Ra8 60. Rd1 Qa7 61. Rcc1 Rb8 62. Bf1 Ra8 63. Rd2 Kh7 
64. Kg2 Qb7 65. Re1 Rc8 66. Qf3 Rff8 67. Rb1 Kg7 68. Rdd1 Rb8 69. Qe3 Kg8 
70. Re1 Rbc8 71. Kg1 Kh7 72. Nc3 Rb8 73. Bd3 Kg7 74. Bc2 Rf7 75. Kh2 Rd7 
76. Kg2 Qc7 77. Nb5 Qb7 78. Kg1 Na6 79. Rbd1 Rbd8 80. Kh2 Qb8 81. Rd2 Ba8 
82. Nc3 Qc7 83. Nd5 Bxd5 84. exd5 Qc5 85. Qe2 Qb4 86. Qf2 Nc5 87. Rb1 Qa3 
88. Re2 Qb4 89. Re3 Kg8 90. Be4 Kg7 91. Qc2 Kf8 92. Kg1 Rc8 93. Ree1 Kg8 
94. Kh2 Rcc7 95. Re3 Kf8 96. Rg1 Kg8 97. Rgg3 Kf7 98. Qc1 Ke8 99. Bc2 Kd8 
100. Rc3 Kc8 101. Qe1 Kb7 102. Rge3 Ka8 103. Qg3 Ka7 104. Kh3 Qa3 105. Re1 Qb4 
106. Rce3 Qd2 107. R1e2 Qc1 108. Kg2 Qa3 109. Qe1 Kb8 110. Rf2 Re7 111. Rf1 Red7 
112. Qd2 Re7 113. Rb1 Qb4 114. Qxb4 axb4 115. Rg1 Kb7 116. Ree1 Rc8 117. Rb1 Rh8 
118. Kf3 Ree8 119. Rgf1 Ra8 120. Be4 Kc7 121. Rfe1 Kb7 122. Rec1 Rhd8 
123. Rd1 Rdc8 124. Ke3 Kc7 125. Bf3 e4 126. Be2 Re8 127. Rd4 Re7 128. Bd1 Rae8 
129. Rd2 Nd3 130. Ra2 Ra8 131. Rba1 Ra5 132. Rg2 Ra8 133. Bc2 Ne5 134. Rg3 Kb7 
135. Kf2 Nf3 136. Bd1 Rae8 137. Kf1 1/2-1/2

[Event "Monday 29 January Rapid Engine Tour 12+1 Rounds 9 Starts 1600 ST"]
[Site "Infinity Chess"]
[Date "2018.1.29"]
[Round "8"]
[White "star99"]
[Black "Katzenmaier"]
[Result "1/2-1/2"]
[ECO "C24"]
[WhiteElo "2382"]
[BlackElo "2484"]
[WhiteEngine "Cryptic AIL V2"]
[BlackEngine "SugaR XPrO x64 POPCNT_CTG"]
[EventType "Swiss"]
[WhiteTeam ""]
[BlackTeam ""]
[PlyCount "101"]
[TimeControl "720+1"]

1. e4 e5 2. Bc4 Nf6 3. d3 c6 4. Bb3 Bc5 5. Nf3 d6 6. h3 O-O 7. O-O Re8 8. c3 Be6 
9. Bg5 Nbd7 10. Bxe6 Rxe6 11. Re1 Qb6 12. Re2 Qc7 13. d4 Bb6 14. dxe5 dxe5 
15. Nbd2 h6 16. Bxf6 Nxf6 17. Qc2 Nh5 18. Nc4 Bc5 19. b4 Be7 20. a3 b5 
21. Ne3 a5 22. Rd1 Nf6 23. Red2 Qc8 24. Nh2 c5 25. bxa5 Rxa5 26. Nd5 Qb7 
27. c4 b4 28. Nxe7+ Qxe7 29. axb4 cxb4 30. Nf1 Qb7 31. Qb1 Rb6 32. Rb2 Ra4 
33. Re1 Nd7 34. Ne3 b3 35. Nd5 Nc5 36. Nxb6 Qxb6 37. Rc1 g5 38. Rd2 Kg7 
39. Qb2 f6 40. Qc3 Qb4 41. Qe3 Ra2 42. Rdd1 Rc2 43. Rxc2 bxc2 44. Rc1 Qb2 
45. Kh2 Nd3 46. Qxd3 Qxc1 47. Qd7+ Kg6 48. Qe8+ Kg7 49. Qd7+ Kg6 50. Qf5+ Kg7 
51. Qd7+ 1/2-1/2

[Event "Monday 29 January Rapid Engine Tour 12+1 Rounds 9 Starts 1600 ST"]
[Site "Infinity Chess"]
[Date "2018.1.29"]
[Round "8"]
[White "KhalidOmar"]
[Black "Dovahkiin"]
[Result "1-0"]
[ECO "C50"]
[WhiteElo "2436"]
[BlackElo "2395"]
[WhiteEngine "Eman 1.68c 64-bit BMI2"]
[BlackEngine "BrainFish_180128_x64_modern_CTG"]
[EventType "Swiss"]
[WhiteTeam ""]
[BlackTeam ""]
[PlyCount "173"]
[TimeControl "720+1"]

1. e4 e5 2. Nf3 Nc6 3. Bc4 Bc5 4. O-O Nf6 5. d3 d6 6. c3 a5 7. Bb3 O-O 8. Bg5 h6 
9. Bh4 g5 10. Bg3 g4 11. Nh4 Nh5 12. Kh1 Qg5 13. a4 Bd7 14. Nd2 Kh8 15. Nc4 Rad8 
16. Ne3 Rc8 17. Nd5 f5 18. exf5 Bxf5 19. Bc2 Be6 20. d4 exd4 21. cxd4 Nxd4 
22. Ne7 Nxg3+ 23. hxg3 Rce8 24. Neg6+ Kg7 25. Nxf8 Rxf8 26. Qd3 Bf5 
27. Nxf5+ Qxf5 28. Qxf5 Nxf5 29. Bd3 c6 30. Rae1 d5 31. Re6 Bd4 32. b3 Bc5 
33. Kh2 Rf6 34. Rxf6 Kxf6 35. Bxf5 Kxf5 36. Re1 b5 37. Kg1 Bb4 38. Re8 bxa4 
39. bxa4 c5 40. f3 c4 41. Kf2 Kf6 42. Ke3 Be7 43. Kd4 Ke6 44. Kc3 Kd7 
45. Ra8 Bf6+ 46. Kc2 Bd8 47. Ra6 d4 48. fxg4 Be7 49. Rxa5 Kc6 50. Rb5 Bf6 
51. Rf5 Bg5 52. a5 Be3 53. a6 d3+ 54. Kc3 Kb6 55. Rf6+ Ka7 56. Kxc4 d2 
57. Rd6 Bg5 58. Kc3 d1=Q 59. Rxd1 Kxa6 60. Rd5 Bc1 61. g5 hxg5 62. Kc2 Be3 
63. Re5 Bb6 64. Rxg5 Bd8 65. Rg4 Kb6 66. Kd3 Be7 67. Rg7 Ba3 68. Rh7 Bc1 
69. Ke4 Bg5 70. Rf7 Kc6 71. Kf5 Be3 72. Kg4 Kd5 73. Kf5 Bc1 74. g4 Bb2 
75. g5 Bc1 76. g6 Bb2 77. Rf6 Be5 78. g7 Bxf6 79. Kxf6 Kc4 80. Ke5 Kb4 
81. g8=Q Kc3 82. Qd5 Kc2 83. Qc4+ Kb1 84. Qe2 Ka1 85. Kd4 Kb1 86. Kc3 Ka1 
87. Qb2# 1-0

[Event "Monday 29 January Rapid Engine Tour 12+1 Rounds 9 Starts 1600 ST"]
[Site "Infinity Chess"]
[Date "2018.1.29"]
[Round "8"]
[White "RonWeasley"]
[Black "angriff"]
[Result "1/2-1/2"]
[ECO "B00"]
[WhiteElo "2455"]
[BlackElo "2421"]
[WhiteEngine "BrainFish 060118_CTG"]
[BlackEngine "Stockfish SL FA POPCNT_CTG"]
[EventType "Swiss"]
[WhiteTeam ""]
[BlackTeam ""]
[PlyCount "121"]
[TimeControl "720+1"]

1. e4 Nc6 2. Nc3 e5 3. g3 Bc5 4. Na4 Be7 5. Bg2 Nf6 6. Nc3 O-O 7. Nge2 Re8 
8. d3 Nd4 9. O-O Nxe2+ 10. Qxe2 c6 11. Be3 d6 12. f3 b5 13. d4 Be6 14. b3 Qc7 
15. dxe5 dxe5 16. Nd1 a5 17. Nf2 a4 18. f4 exf4 19. gxf4 b4 20. Rfd1 Ra5 
21. Rac1 g6 22. Qf3 Bc5 23. Rd2 Qe7 24. Bxc5 Rxc5 25. Qe3 axb3 26. axb3 Bc8 
27. Rf1 Ng4 28. Nxg4 Bxg4 29. Qg3 Bh5 30. f5 Rc3 31. Qf4 g5 32. Qf2 h6 
33. Qb6 Kh7 34. Ra1 Qe5 35. Qd4 Qxd4+ 36. Rxd4 Rxc2 37. Rxb4 c5 38. Rc4 Rxc4 
39. bxc4 Be2 40. Kf2 Bxc4 41. Ra3 Rb8 42. e5 Rb2+ 43. Kg1 Rb1+ 44. Kf2 Rb2+ 
45. Kg1 Rb1+ 46. Kf2 h5 47. Ra7 Kh6 48. Rc7 Rb2+ 49. Kg1 g4 50. Rxc5 Bd3 
51. e6 fxe6 52. fxe6 Re2 53. h3 Bg6 54. hxg4 hxg4 55. e7 Rxe7 56. Kf2 Be8 
57. Kg3 Bd7 58. Kf4 Re2 59. Rc7 Bf5 60. Kxf5 Rxg2 61. Kf4 1/2-1/2

[Event "Monday 29 January Rapid Engine Tour 12+1 Rounds 9 Starts 1600 ST"]
[Site "Infinity Chess"]
[Date "2018.1.29"]
[Round "8"]
[White "ivrdurant"]
[Black "Marsell"]
[Result "0-1"]
[ECO "C55"]
[WhiteElo "2394"]
[BlackElo "2456"]
[WhiteEngine "Raubfisch X37b3._CTG"]
[BlackEngine "asmFishW_2018-01-11_popcnt"]
[EventType "Swiss"]
[WhiteTeam ""]
[BlackTeam ""]
[PlyCount "122"]
[TimeControl "720+1"]

1. e4 e5 2. Nf3 Nc6 3. Bc4 Nf6 4. d3 Bc5 5. O-O d6 6. c3 O-O 7. Bg5 h6 8. Bh4 a6 
9. a4 g5 10. Bg3 Ba7 11. Nbd2 Nh7 12. h3 h5 13. Kh1 Kh8 14. b4 h4 15. Bh2 g4 
16. hxg4 Bxg4 17. b5 Na5 18. Ba2 Ng5 19. d4 h3 20. gxh3 Nxh3 21. Qe1 Rg8 
22. Qe3 Kh7 23. bxa6 Qf6 24. axb7 Nxb7 25. Bg3 Nd8 26. Nh2 Ne6 27. Nxg4 Rxg4 
28. Qf3 Qg6 29. Qf5 Nef4 30. Nf3 Kg7 31. Qxg6+ Rxg6 32. Nh4 Rg4 33. Bxf4 exf4 
34. Nf5+ Kg6 35. Bxf7+ Kf6 36. f3 Rg5 37. Nh6 Rh8 38. Ng4+ Kxf7 39. Kg2 Rgg8 
40. Rh1 Ng5 41. e5 Ke6 42. exd6 Kxd6 43. a5 Ne6 44. Rxh8 Rxh8 45. Ra2 Rb8 
46. a6 Kd5 47. Kf1 c5 48. dxc5 Kxc5 49. Ra4 Kd6 50. Nf6 Rb1+ 51. Ke2 Rb2+ 
52. Kd1 Rb8 53. Kc2 Rf8 54. Ng4 Rf5 55. Nh6 Rh5 56. Ng4 Rh3 57. Rb4 Rxf3 
58. Rb7 Rg3 59. Rxa7 Rxg4 60. Rf7 Rg1 61. a7 Ra1 0-1

[Event "Monday 29 January Rapid Engine Tour 12+1 Rounds 9 Starts 1600 ST"]
[Site "Infinity Chess"]
[Date "2018.1.29"]
[Round "8"]
[White "Eman"]
[Black "CrapCleaner"]
[Result "1/2-1/2"]
[ECO "C77"]
[WhiteElo "2481"]
[BlackElo "2417"]
[WhiteEngine "Eman 1.68c 64-bit POPCNT"]
[BlackEngine "Raubfisch ME262_GTZ16b4_CTG"]
[EventType "Swiss"]
[WhiteTeam ""]
[BlackTeam ""]
[PlyCount "119"]
[TimeControl "720+1"]

1. e4 e5 2. Nf3 Nc6 3. Bb5 a6 4. Ba4 Nf6 5. O-O Be7 6. Re1 b5 7. Bb3 O-O 
8. h3 Bb7 9. d3 d6 10. a3 Re8 11. c3 h6 12. Be3 Bf8 13. Nbd2 Ne7 14. Nh4 g5 
15. Nhf3 Ng6 16. c4 c5 17. Bc2 Bc8 18. Nf1 Be6 19. b3 g4 20. hxg4 Nxg4 
21. Bd2 Be7 22. Ng3 Kh8 23. Nh2 Nxh2 24. Kxh2 Bg5 25. Rh1 Bxd2 26. Qxd2 Nf4 
27. Nh5 Qg5 28. Nxf4 exf4 29. Bd1 Rg8 30. Bf3 Rab8 31. Rab1 Bg4 32. Qd1 h5 
33. Kg1 Kg7 34. Kf1 a5 35. Rc1 Rh8 36. cxb5 Rxb5 37. d4 Rhb8 38. e5 cxd4 
39. Bxg4 Qxg4 40. exd6 Rd5 41. Rh3 Rb6 42. d7 Qxd7 43. Rd3 Rf6 44. Qf3 Qd6 
45. Qd1 Re6 46. Qd2 Rf6 47. Qd1 Qe5 48. Rc4 f3 49. Rxf3 d3 50. Rxd3 Qf5 
51. Rd2 Qxf2+ 52. Rxf2 Rxd1+ 53. Ke2 Rd2+ 54. Kxd2 Rxf2+ 55. Ke3 Rxg2 
56. b4 Rg3+ 57. Kf2 Rxa3 58. bxa5 Rxa5 59. Kg3 Rg5+ 60. Kf2 1/2-1/2

[Event "Monday 29 January Rapid Engine Tour 12+1 Rounds 9 Starts 1600 ST"]
[Site "Infinity Chess"]
[Date "2018.1.29"]
[Round "8"]
[White "KULLANI"]
[Black "Ninja_Bp"]
[Result "1/2-1/2"]
[ECO "C55"]
[WhiteElo "2421"]
[BlackElo "2463"]
[WhiteEngine "BrainFish_180124_x64_CTG"]
[BlackEngine "Houdini 6_CTG"]
[EventType "Swiss"]
[WhiteTeam ""]
[BlackTeam ""]
[PlyCount "198"]
[TimeControl "720+1"]

1. e4 e5 2. Nf3 Nc6 3. Bc4 Nf6 4. d3 Bc5 5. c3 d6 6. O-O h6 7. b4 Bb6 8. a4 a5 
9. b5 Ne7 10. Be3 Bxe3 11. fxe3 Ng6 12. Bb3 O-O 13. c4 c6 14. Qe2 Qb6 
15. Nc3 Bg4 16. Qd2 Be6 17. h3 Rad8 18. Rac1 Qc5 19. Qe1 Kh8 20. Nd2 Nd7 
21. Rf2 Rc8 22. Rb1 Qb6 23. Bc2 Qd8 24. d4 f6 25. Qf1 Bf7 26. Qc1 Nb6 
27. Bb3 Bg8 28. Qc2 Re8 29. Qa2 Rb8 30. Bd1 Nf8 31. Bh5 Re7 32. Bg4 Bf7 
33. Rc1 Kg8 34. Qb3 h5 35. Be2 exd4 36. exd4 Ne6 37. Nf3 c5 38. d5 Nd4 
39. Qd1 Nd7 40. Bd3 Bg6 41. Ne2 Nxe2+ 42. Qxe2 Qe8 43. Nh4 Bh7 44. Rcf1 b6 
45. Bc2 Ne5 46. Kh2 Rd8 47. Nf5 Rf7 48. Bd1 Rf8 49. Qc2 Bg6 50. Qc3 Kh7 
51. Rf4 Rh8 52. Be2 Kg8 53. Bd1 Rd7 54. Kg1 Kh7 55. Re1 Bf7 56. Rf2 Qf8 
57. Re3 Kg8 58. Nh4 Rd8 59. Rg3 Rh6 60. Nf5 Rh7 61. Re3 Rd7 62. Re1 Be8 
63. Ref1 Rf7 64. Ng3 g6 65. Ne2 Bd7 66. Nf4 Qe7 67. Be2 Kg7 68. Nd3 Nxd3 
69. Qxd3 Qe5 70. h4 Kf8 71. Qd2 Rh8 72. Qe3 Kg7 73. Rf4 Rhf8 74. Qg3 Bc8 
75. Kh1 Rc7 76. Kh2 Ra7 77. Kh1 Re7 78. Bd1 Rb7 79. Kh2 Rbf7 80. Be2 Rg8 
81. Re1 Kf8 82. Ref1 Ke7 83. R4f2 Rgf8 84. Rf3 Rg7 85. Qxe5+ dxe5 86. Rg3 Rh8 
87. Rgf3 Bg4 88. R3f2 Bxe2 89. Rxe2 g5 90. d6+ Ke6 91. Ref2 Rh6 92. d7 Rxd7 
93. hxg5 fxg5 94. Rf8 Rd4 95. Rb8 Ke7 96. Rb7+ Rd7 97. Rb8 Rd4 98. Rb7+ Rd7 
99. Rb8 Rd4 1/2-1/2

[Event "Monday 29 January Rapid Engine Tour 12+1 Rounds 9 Starts 1600 ST"]
[Site "Infinity Chess"]
[Date "2018.1.29"]
[Round "8"]
[White "MarioDeMonti"]
[Black "SkyPilot"]
[Result "1/2-1/2"]
[ECO "B90"]
[WhiteElo "2479"]
[BlackElo "2480"]
[WhiteEngine "stockfish_x64_bmi2_2018_01_13_CTG"]
[BlackEngine "stockfish_x64_bmi2_2018_01_13_CTG"]
[EventType "Swiss"]
[WhiteTeam ""]
[BlackTeam ""]
[PlyCount "79"]
[TimeControl "720+1"]

1. e4 c5 2. Nf3 d6 3. d4 cxd4 4. Nxd4 Nf6 5. Nc3 a6 6. Be3 e5 7. Nb3 Be6 
8. f3 h5 9. Qd2 Nbd7 10. Nd5 Bxd5 11. exd5 g6 12. O-O-O Nb6 13. Qa5 Bh6 
14. Bxh6 Rxh6 15. Qd2 Rh8 16. Na5 Qc7 17. c4 Kf8 18. Kb1 Kg7 19. Bd3 Nbd7 
20. Ka1 Nc5 21. Bb1 b5 22. Rc1 Qb6 23. b4 Nb7 24. c5 dxc5 25. Nxb7 Qxb7 
26. Rxc5 Rhd8 27. Re1 Nd7 28. d6 Rac8 29. Rxc8 Qxc8 30. Rc1 Qb8 31. Rc7 Qb6 
32. Bc2 h4 33. Qg5 Qd4+ 34. Kb1 Qxb4+ 35. Ka1 h3 36. gxh3 Qe1+ 37. Kb2 Qb4+ 
38. Ka1 Qe1+ 39. Kb2 Qb4+ 40. Ka1 1/2-1/2

[Event "Monday 29 January Rapid Engine Tour 12+1 Rounds 9 Starts 1600 ST"]
[Site "Infinity Chess"]
[Date "2018.1.29"]
[Round "8"]
[White "MCDermont"]
[Black "Vimtiroba"]
[Result "1/2-1/2"]
[ECO "C53"]
[WhiteElo "2503"]
[BlackElo "2484"]
[WhiteEngine "BrainFish 060118_CTG"]
[BlackEngine "SF@Infinity_CTG"]
[EventType "Swiss"]
[WhiteTeam ""]
[BlackTeam ""]
[PlyCount "159"]
[TimeControl "720+1"]

1. e4 e5 2. Nf3 Nc6 3. Bc4 Bc5 4. c3 Nf6 5. d3 d6 6. Bb3 a5 7. Bg5 h6 8. Bh4 Be6 
9. O-O Bxb3 10. axb3 g5 11. Bg3 O-O 12. Na3 Qd7 13. h3 Kh7 14. Nc4 b5 
15. Ne3 Bb6 16. Qc2 Qe6 17. Rfe1 Nh5 18. Nd5 g4 19. Nxb6 cxb6 20. hxg4 Qxg4 
21. Nh4 Ne7 22. Re3 Rac8 23. Rae1 b4 24. Rf3 f6 25. d4 Rc6 26. Qd1 bxc3 
27. bxc3 Rg8 28. Qd3 Qc8 29. Qe3 Rg4 30. c4 Rg5 31. Rd1 Qg4 32. Qe1 Rg7 
33. Qe2 Nf4 34. Qd2 Nh5 35. Qe3 Rg5 36. Qd2 Rg7 37. d5 Rc8 38. Re1 Rc5 
39. Qd3 Rg8 40. Qc3 Rcc8 41. Qe3 Rc5 42. Qe2 Rg7 43. Qd2 Rg8 44. Qc1 Rg7 
45. Qb2 Qd7 46. Qe2 Qg4 47. Qd3 Rg5 48. Qb1 Rg7 49. Qd1 Rc8 50. Qb1 Rc5 
51. Qc2 Rc8 52. Qd3 Rgg8 53. Qb1 Rg7 54. Qa1 Rcg8 55. Qc3 Rc8 56. Qe3 Rc5 
57. Kf1 b5 58. cxb5 Rxb5 59. Qd3 Rb4 60. Qc2 Rd4 61. Qb1 Qg5 62. Rd1 Rxd1+ 
63. Qxd1 f5 64. Nxf5 Nxf5 65. Rxf5 Nxg3+ 66. fxg3 Qxg3 67. Qf3 Qxf3+ 
68. Rxf3 Rb7 69. Rf6 Rxb3 70. Rxd6 Rb4 71. Kf2 Rxe4 72. Re6 a4 73. Kf3 Rd4 
74. Rxe5 a3 75. Re7+ Kg6 76. Ra7 Rxd5 77. Rxa3 Rf5+ 78. Ke2 h5 79. Ke3 Rf6 
80. Ke2 1/2-1/2